Map: 强酸工厂 - 天梯版

Players

Kelazhur

  • Race: Terran Terran
  • Spawn Location: 5:00

TIME (Oliveira) - Winner!

  • Race: Terran Terran
  • Spawn Location: 11:00

Event: WCS Montreal 2018

VOD

Have the link to the VOD?

Description

Time

  • Played on: Sept. 7, 2018, 9:02 p.m.
  • Length: 15:25

All games in this series

Show
View Real Time Build Order
Export as new Build Order

Kelazhur Terran 

Build Orders: 1/1/1, Cyclone Opening, Bio Tank 

Get SALT Encoding   

  12  0:00  SCV  
  13  0:13  SCV  
  14  0:17  Supply Depot  
  14  0:25  SCV  
  14  0:27  Refinery  
  15  0:38  SCV  
  16  0:44  Barracks  
  16  0:50  SCV  
  16  0:54  Refinery  
  17  1:02  SCV  
  18  1:14  SCV  
  19  1:30  Orbital Command  
  19  1:32  Factory  
  19  1:34  Reaper  
  20  1:44  Supply Depot  
  20  1:56  SCV  
  21  2:06  Reaper  
  21  2:08  SCV  
  23  2:16  Cyclone  
  23  2:19  Starport  
  23  2:22  SCV  
  27  2:29  Supply Depot  
  27  2:34  SCV  
  28  2:38  Barracks Tech Lab  
  28  2:46  SCV  
  32  2:52  Hellion  
  31  2:58  SCV  
  31  3:04  Raven  
  34  3:07  Supply Depot  
  34  3:19  Cyclone  
  37  3:27  Command Center  
  36  3:38  SCV  
  37  3:47  Barracks Reactor  
  37  3:50  SCV  
  37  3:51  Factory Tech Lab  
  38  4:02  SCV  
  38  4:14  SCV  
  37  4:18  Banshee, Siege Tank  
  43  4:25  Marine x2, Supply Depot  
  43  4:27  SCV  
  46  4:39  SCV  
  46  4:45  Marine  
  46  4:46  Marine  
  46  4:51  SCV  
  49  4:59  Siege Tank  
  49  5:03  SCV  
  49  5:06  Marine x2  
  52  5:09  Command Center  
  52  5:12  Orbital Command  
  52  5:15  SCV  
  53  5:23  Raven  
  53  5:24  Marine x2  
  53  5:27  SCV  
  58  5:39  SCV x2  
  58  5:42  Marine x2  
  62  5:51  SCV  
  62  5:53  SCV  
  62  5:54  Barracks  
  62  5:55  Barracks  
  64  6:03  SCV  
  65  6:05  SCV  
  65  6:08  Siege Tank  
  69  6:15  SCV, Supply Depot  
  69  6:17  Engineering Bay x2, SCV  
  71  6:22  Marine  
  71  6:23  Stimpack, Orbital Command  
  74  6:26  Viking  
  74  6:27  SCV  
  74  6:29  SCV  
  76  6:34  Viking  
  76  6:35  Refinery x2  
  76  6:39  SCV  
  79  6:41  SCV  
  79  6:45  Marine x2  
  79  6:46  Marine  
  83  6:53  SCV x2  
  83  6:54  SCV  
  86  7:03  Terran Infantry Weapons Level 1  
  86  7:07  Barracks Reactor, Supply Depot  
  86  7:14  Marine x3, Siege Tank  
  92  7:22  Starport Reactor, Supply Depot  
  92  7:25  Barracks  
  92  7:27  Barracks  
  92  7:31  Marine  
  92  7:32  Marine  
  92  7:35  Marine  
  92  7:41  SCV x2  
  92  7:42  SCV  
  92  7:44  Marine x2  
  95  7:45  Missile Turret  
  95  7:49  Marine  
  96  7:52  Marine  
  96  7:53  Marine  
  96  7:54  Siege Tank  
  101  7:59  Sensor Tower  
  101  8:01  Marine  
  101  8:02  Marine  
  103  8:07  Marine  
  103  8:10  Marine  
  103  8:11  Marine  
  91  8:24  Marine  
  91  8:25  Marine x2  
  91  8:27  Siege Tank, Marine x2  
  85  8:28  Marine  
  85  8:29  Marine  
  85  8:30  Terran Infantry Armor Level 1  
  85  8:31  Combat Shields  
  89  8:34  Medivac  
  91  8:41  Supply Depot  
  91  8:42  Medivac, Marine x2  
  91  8:44  Marine  
  91  8:45  Barracks Reactor  
  91  8:48  Barracks Reactor, Marine  
  97  8:59  Siege Tank  
  98  9:04  Medivac, Marine x2  
  98  9:05  Marine x2  
  98  9:09  Marine  
  105  9:18  Missile Turret  
  105  9:20  Missile Turret  
  105  9:22  Marine x4  
  109  9:29  Marine x2  
  111  9:33  Orbital Command  
  111  9:34  Siege Tank  
  114  9:40  Marine  
  114  9:42  Marine x2  
  114  9:45  Medivac x2  
  121  9:46  Marine x2  
  121  9:51  Marine  
  124  9:54  SCV  
  124  9:55  Sensor Tower  
  124  9:58  SCV  
  124  9:59  Supply Depot  
  125  10:00  Supply Depot  
  125  10:02  Armory  
  125  10:15  Missile Turret  
  125  10:17  Supply Depot  
  125  10:20  Marine x8  
  133  10:22  Marine  
  134  10:30  Medivac x2  
  134  10:31  Siege Tank  
  140  10:38  Marine x8  
  140  10:40  Marine  
  145  10:55  Marine  
  145  10:56  Terran Infantry Weapons Level 2, Marine x3  
  149  10:58  Marine  
  149  10:59  Marine x4  
  149  11:03  Siege Tank  
  143  11:11  Command Center  
  133  11:13  Marine  
  133  11:14  Marine  
  133  11:16  Marine  
  133  11:17  Marine x3  
  134  11:25  Supply Depot  
  134  11:26  Supply Depot  
  134  11:28  Marine x2  
  134  11:29  Marine  
  134  11:30  Viking x2  
  118  11:36  Marine  
  118  11:37  Marine  
  118  11:38  Marine x2  
  113  11:43  Marine x2  
  113  11:44  Terran Infantry Armor Level 2  
  113  11:46  Marine x2  
  117  11:47  Marine  
  118  11:54  Siege Tank  
  118  11:56  Marine  
  118  11:59  Marine  
  106  12:11  Marine  
  106  12:12  Marine  
  106  12:13  Marine  
  107  12:17  Marine x5  
  107  12:18  Marine  
  113  12:25  Orbital Command  
  113  12:29  Marine  
  109  12:38  Marine  
  109  12:39  Marine x7  
  117  12:44  Siege Tank  
  117  12:51  Marine  
  112  12:56  Marine x3  
  93  12:59  Marine  
  93  13:01  Marine x2  
  93  13:02  Marine x2  
  97  13:08  Marine  
  98  13:13  Command Center  
  98  13:14  Marine x2  
  98  13:16  Siege Tank  
  98  13:18  Marine  
  98  13:19  Marine x3  
  107  13:20  Marine  
  107  13:25  Medivac x2  
  107  13:26  Marine  
  113  13:27  Marine  
  113  13:39  Marine  
  113  13:40  Marine  
  115  13:41  Marine  
  110  13:50  Marine  
  110  13:51  Marine x3  
  110  13:54  Marine x2  
  114  13:57  Marine  
  114  13:58  Marine  
  114  13:59  Marine  
  116  14:08  Marine  
  116  14:09  Marine x3  
  118  14:12  Marine  
  115  14:25  Marine  
  115  14:26  Marine  
  106  14:35  Medivac x2  
  87  14:38  Marine  
  87  14:40  Marine  
  87  14:47  Marine x4  
  87  14:48  Marine  
  87  14:50  Orbital Command  
  92  14:57  Marine x3  
Show
View Real Time Build Order
Export as new Build Order

TIME Terran - Winner!

Build Orders: Cyclone Opening, MMM Bio 

Get SALT Encoding   

  12  0:00  SCV  
  13  0:12  SCV  
  14  0:17  Supply Depot  
  14  0:24  SCV  
  15  0:28  Refinery  
  15  0:39  SCV  
  16  0:45  Barracks  
  16  0:51  SCV  
  16  0:55  Refinery  
  17  1:03  SCV  
  18  1:15  SCV  
  19  1:32  Reaper, Orbital Command  
  20  1:36  Factory  
  20  1:44  Supply Depot  
  20  1:57  SCV  
  21  2:05  Barracks Reactor  
  21  2:09  SCV  
  22  2:20  Cyclone  
  22  2:21  SCV  
  26  2:33  Command Center  
  26  2:38  SCV  
  26  2:43  Supply Depot  
  27  2:50  SCV  
  30  2:58  Hellion  
  30  3:02  SCV  
  30  3:04  Barracks Tech Lab  
  30  3:05  Hellion  
  33  3:19  Cyclone  
  36  3:25  Stimpack  
  36  3:26  Cyclone  
  39  3:37  SCV  
  37  3:49  SCV  
  38  3:58  Cyclone  
  38  3:59  Orbital Command  
  38  4:01  SCV  
  40  4:15  SCV  
  40  4:18  Marine  
  40  4:22  Barracks  
  40  4:23  Barracks  
  41  4:27  SCV x2  
  43  4:31  Engineering Bay  
  43  4:35  Marine  
  44  4:39  SCV x2  
  44  4:40  Factory Reactor  
  44  4:42  Supply Depot  
  46  4:51  SCV  
  47  4:53  Marine  
  47  4:54  SCV  
  47  4:58  Terran Infantry Weapons Level 1  
  40  5:00  Refinery  
  40  5:03  SCV  
  40  5:06  SCV  
  42  5:11  Marine  
  42  5:13  Starport  
  43  5:15  Supply Depot  
  43  5:16  SCV  
  43  5:20  Marine x2  
  47  5:21  SCV  
  47  5:26  Factory Reactor, Combat Shields  
  48  5:29  Marine  
  48  5:31  SCV  
  48  5:33  SCV  
  48  5:35  Marine x2  
  52  5:38  Marine  
  52  5:40  Bunker, Marine  
  54  5:43  SCV  
  54  5:45  SCV  
  54  5:47  Marine  
  54  5:49  Missile Turret  
  57  5:51  Missile Turret  
  57  5:53  Marine x2  
  57  5:55  SCV  
  57  5:57  Marine  
  60  5:58  Marine  
  60  6:00  SCV  
  63  6:04  Marine  
  63  6:07  SCV, Supply Depot  
  63  6:08  Medivac x2  
  63  6:09  Supply Depot  
  63  6:10  Factory Tech Lab, Marine  
  70  6:17  SCV, Marine x2  
  70  6:25  Supply Depot  
  70  6:27  Supply Depot  
  70  6:28  Marine  
  70  6:29  SCV, Marine  
  70  6:30  Siege Tank  
  76  6:34  SCV  
  76  6:36  Marine  
  76  6:39  Marine  
  79  6:49  Command Center, Marine x2  
  79  6:50  Refinery  
  79  6:52  Marine  
  82  6:56  Medivac x2  
  82  6:57  Terran Infantry Armor Level 1  
  82  6:59  SCV  
  82  7:00  SCV  
  88  7:05  Marine x2  
  88  7:07  Marine  
  91  7:10  Siege Tank  
  91  7:11  SCV  
  91  7:12  SCV  
  95  7:16  Marine  
  95  7:19  Marine  
  97  7:23  SCV, Marine x2  
  97  7:25  Marine  
  97  7:26  SCV  
  97  7:28  Viking  
  102  7:39  Supply Depot  
  102  7:41  SCV  
  102  7:43  Armory  
  102  7:44  Engineering Bay  
  102  8:01  SCV, Marine x5, Viking  
  102  8:05  SCV, Siege Tank, Viking  
  114  8:06  Barracks  
  114  8:08  Barracks  
  115  8:13  SCV  
  115  8:19  Marine x2  
  107  8:21  Marine  
  107  8:25  Marine x2  
  102  8:27  Orbital Command  
  102  8:28  SCV x2  
  102  8:32  Viking  
  103  8:34  Terran Infantry Weapons Level 2  
  103  8:35  Viking  
  103  8:36  Marine  
  103  8:38  Siege Tank, Marine  
  103  8:39  Marine  
  103  8:40  SCV x2  
  113  8:45  Marine x2  
  115  8:49  Supply Depot x2  
  115  8:52  SCV x2  
  115  8:53  Barracks Reactor  
  115  8:55  Barracks Reactor, Terran Infantry Armor Level 2  
  117  8:56  SCV  
  117  9:00  Liberator  
  117  9:01  Liberator  
  117  9:02  Marine x2  
  113  9:03  Marine  
  113  9:04  SCV x2  
  113  9:08  SCV  
  118  9:13  Marine  
  118  9:14  Siege Tank  
  118  9:15  Refinery  
  118  9:16  SCV  
  118  9:17  SCV  
  124  9:18  Marine  
  124  9:21  SCV  
  124  9:23  Marine  
  133  9:32  Marine  
  133  9:34  Marine  
  133  9:35  Marine  
  133  9:37  Marine  
  131  9:43  Marine x2  
  131  9:45  Marine x3  
  136  9:46  SCV x2  
  136  9:47  Siege Tank  
  136  9:49  Refinery  
  136  9:50  Supply Depot  
  141  9:53  Supply Depot  
  141  9:57  Terran Vehicle Weapons Level 1  
  141  9:58  Supply Depot  
  141  10:07  Command Center  
  141  10:11  Medivac x2, Marine x3  
  141  10:12  Marine  
  149  10:15  Sensor Tower  
  149  10:19  Marine x4  
  156  10:21  Siege Tank  
  156  10:24  Marine  
  157  10:29  Marine  
  157  10:30  SCV  
  159  10:37  Marine  
  159  10:39  Marine x2  
  159  10:41  Marine  
  159  10:43  Marine  
  159  10:46  Marine  
  159  10:49  Marine  
  160  10:50  Supply Depot  
  160  10:51  Medivac x2  
  160  10:52  Marine  
  160  10:54  Factory  
  165  10:58  Marine  
  165  11:00  Marine  
  165  11:02  Marine  
  165  11:08  Marine x2  
  165  11:10  Siege Tank  
  164  11:13  Marine  
  164  11:17  Marine x2  
  164  11:18  Marine x2  
  164  11:20  Planetary Fortress  
  164  11:22  Marine  
  164  11:25  Marine  
  152  11:33  Marine  
  152  11:34  Marine x2  
  152  11:35  Marine x2  
  152  11:36  Medivac, Marine  
  152  11:37  Medivac  
  145  11:42  Siege Tank  
  145  11:43  Terran Infantry Weapons Level 3, Terran Infantry Armor Level 3  
  145  11:44  Marine  
  145  11:46  Marine x2  
  151  11:48  Factory Tech Lab  
  151  11:51  Marine  
  151  11:52  Marine  
  153  11:55  Marine  
  144  12:05  Marine  
  144  12:06  Marine  
  122  12:10  Marine x4  
  122  12:11  Marine x2  
  122  12:12  Siege Tank, Viking  
  122  12:13  Viking  
  122  12:14  Marine  
  129  12:17  Terran Vehicle Weapons Level 2  
  129  12:23  Marine  
  129  12:24  Marine  
  129  12:28  Marine x4  
  129  12:29  Marine  
  136  12:33  Marine x2  
  136  12:34  Siege Tank  
  139  12:41  Marine x2  
  139  12:44  SCV, Siege Tank  
  145  12:46  Marine x4  
  145  12:47  Marine  
  145  12:48  SCV  
  145  12:50  SCV, Marine  
  138  12:52  Marine  
  120  12:59  Marine x2  
  120  13:00  Viking  
  120  13:04  Marine x5  
  129  13:05  Medivac  
  129  13:06  Siege Tank  
  129  13:08  Marine  
  129  13:10  Marine  
  136  13:17  Marine x2  
  138  13:21  Marine x2  
  138  13:24  Siege Tank  
  138  13:25  Marine  
  144  13:28  Command Center  
  144  13:35  Marine  
  144  13:38  Siege Tank  
  147  13:43  Marine  
  147  13:44  Marine  
  147  13:45  Marine x3  
  147  13:46  Marine x3  
  147  13:47  Medivac  
  151  13:49  Medivac  
  151  13:53  Marine  
  154  14:01  Marine  
  154  14:02  Marine  
  156  14:03  Marine x3  
  159  14:10  Marine x2  
  161  14:18  Marine  
  161  14:19  Marine  
  161  14:22  Marine x2  
  154  14:24  Marine  
  154  14:26  Siege Tank  
  154  14:27  Marine  
  154  14:28  Siege Tank  
  154  14:29  Viking x2  
  162  14:34  Starport x2  
  162  14:38  Marine  
  149  14:39  Marine  
  149  14:44  Planetary Fortress  
  149  14:45  Marine  
  144  14:48  Marine x6  
  151  14:56  Marine  
  151  14:57  Marine  
  156  15:03  Marine  
  156  15:05  Marine  
  156  15:06  Marine  
  166  15:13  Starport Tech Lab x2  
Tags
 
Add a new tag
Caveats
  • Supply blocks, unpowered buildings, or Contaminate may cause inaccurate times.
  • Supply counts are checked every 10 seconds.